 Dungeon Crawl Stone Soup version 0.28-a0-500-g121bc3e445 (webtiles) character file.

Game seed: 18262994538046190429

26 Shayle the Skirmisher (level 3, -6/39 HPs)
             Began as an Ogre Warper on Sept 20, 2021.
             Killed by nerve-wracking pain
             ... invoked by Jessica
              (13 damage)
             ... on level 2 of the Dungeon.
             The game lasted 00:03:51 (1518 turns).

Shayle the Skirmisher (Ogre Warper)                 Turns: 1518, Time: 00:03:52

Health: -6/39      AC:  3    Str: 15    XL:     3   Next: 8%
Magic:  6/6        EV:  9    Int: 15    God:
Gold:   20         SH:  0    Dex:  8    Spells: 6/6 levels left

rFire   . . .      SeeInvis .   a - +0 spear
rCold   . . .      Faith    .   (no shield)
rNeg    . . .      Spirit   .   b - +0 robe
rPois   .          Reflect  .   (helmet restricted)
rElec   .          Harm     .   (no cloak)
rCorr   .          Rampage  .   (gloves unavailable)
Will    .....                   (boots unavailable)
Stlth   +.........              (no amulet)
HPRegen 0.13/turn               (no ring)
MPRegen 0.10/turn               (no ring)

@: mighty, lethally poisoned (-6 -> -25)
A: large, unfitting armour, tough skin 1
a: no special abilities


You were on level 2 of the Dungeon.
You visited 1 branch of the dungeon, and saw 2 of its levels.

You collected 20 gold pieces.

Inventory:

Hand Weapons
 a - a +0 spear (weapon)
Missiles
 d - 5 boomerangs of dispersal (quivered)
Armour
 b - a +0 robe (worn)
Scrolls
 c - a scroll of blinking
 e - a scroll of immolation {unknown}
 f - 2 scrolls of noise {unknown}


   Skills:
 + Level 3.7 Fighting
 + Level 2.8 Polearms
 - Level 1.0 Throwing
 - Level 2.1 Dodging
 - Level 2.4 Spellcasting
 - Level 2.6 Translocations


You had 6 spell levels left.
You didn't know any spells.
Your spell library contained the following spells:

 Spells                   Type           Power      Damage    Failure   Level
 Blink                    Tloc           N/A        N/A       11%         2
 Gell's Gravitas          Tloc           4%         N/A       22%         3
 Lesser Beckoning         Tloc           9%         N/A       22%         3
 Teleport Other           Tloc           9%         N/A       22%         3
 Manifold Assault         Tloc           9%         N/A       89%         5


Dungeon Overview and Level Annotations

Branches:
Dungeon (2/15)

Altars:

Annotations:
D:2 Jessica


Innate Abilities, Weirdness & Mutations

You are too large for most types of armour.
You have tough skin. (AC +1)


Message History

The endoplasm is severely wounded.
The endoplasm jiggles.
The endoplasm hits you.
You hit the endoplasm.
You kill the endoplasm!
Done exploring.
Done exploring.
Done exploring.
(D) Dungeon
Where to? (? - help)
There is a stone staircase leading down here.
You climb downwards.
Found 16 stones, 12 arrows and a plate armour.
There is a stone staircase leading up here.
There is a stone staircase leading up here.
Jessica the Apprentice Sorceress comes into view.
She is wielding a +2 dagger of venom.
Found a sapphire potion.
Jessica shouts!
Jessica mumbles some strange words.
Jessica seems to speed up.
Jessica shouts, "Stop bothering me, or I'll kill you!"
Okay, then.
Jessica hits you with a +2 dagger of venom!
You are poisoned.
You barely miss Jessica.
You feel sick. Jessica closely misses you.
You closely miss Jessica.
You feel sick.
Jessica hits you with a +2 dagger of venom.
You are more poisoned.
Jessica hits you with a +2 dagger of venom.
You are lethally poisoned!
You barely miss Jessica.
You feel extremely sick. Jessica misses you.
It was a potion of might.
You feel very mighty all of a sudden.
* * * LOW HITPOINT WARNING * * *
You feel very sick. Jessica gestures at you while chanting.
Pain shoots through your body!
You die...

.# .!## ... ...
#.# #.#
.#########.#
......@@...#
#########..## ##
#...######### #.
#...........###.
#...#######.....
#.### #####.
...# #. ##### #.
#.


You could see Jessica (fast).

Vanquished Creatures
  A ball python (D:1)
  3 bats (D:1)
  3 endoplasms (D:1)
  A giant cockroach (D:1)
  2 goblins (D:1)
  A hobgoblin (D:1)
  3 jackals (D:1)
  A quokka (D:1)
  4 frilled lizards (D:1)
  2 kobolds (D:1)
  2 rats (D:1)
23 creatures vanquished.

Notes
Turn   | Place    | Note
-------+----------+-------------------------------------------
     0 | D:1      | Shayle the Ogre Warper began the quest for the Orb.
     0 | D:1      | Reached XP level 1. HP: 22/22 MP: 3/3
    90 | D:1      | Found a faded altar of an unknown god.
   141 | D:1      | Reached skill level 3 in Fighting
   359 | D:1      | Reached XP level 2. HP: 29/31 MP: 5/5
  1099 | D:1      | Reached XP level 3. HP: 28/39 MP: 6/6
  1511 | D:2      | Noticed Jessica
  1518 | D:2      | Killed from afar by Jessica

Illustrated notes

Levels and vault maps discovered:
D:1:      scummos_arrival_gate, layout_basic, shapermc_ecumenical_altar_petra
D:2:      layout_loops_ring, kennysheep_nub, uniq_jessica, uniq_natasha

Skill      XL: |  1 |
---------------+----+-----
Fighting       | 3 |  3.7
Polearms       | |  2.8
Throwing       | |  1.0
Dodging        | |  2.1
Spellcasting   | |  2.4
Translocations | |  2.6

Action                   || total
-------------------------++-------
Melee: Spear             ||   113
  Use: Potion            ||     1
Armor: Robe              ||    65
Dodge: Dodged            ||    53

Table legend: (Time is in decaauts)
 A = Elapsed time spent in this place.
 B = Non-inter-level travel time spent in this place.
 C = Inter-level travel time spent in this place.
 D = Time resting spent in this place.
 E = Time spent auto-exploring this place.
 F = Levels seen in this place.
 G = Mean time per level.
                   A        B        C        D        E       F      G
               +--------+--------+--------+--------+--------+-----+--------+
         Total |   1515 |   1485 |     30 |      0 |   1236 |   2 |  757.5 |
       Dungeon |   1515 |   1485 |     30 |      0 |   1236 |   2 |  757.5 |
               +--------+--------+--------+--------+--------+-----+--------+

Top non-repeatable levels by time:
     D:1: 1488 daAuts
     D:2: 26 daAuts
